 Dungeon Crawl Stone Soup version 0.29.1-1-gd02db6906a (webtiles) character file.

Game seed: 2695894246228768558

1502 Ashen the Chiller (level 8, 52/52 HPs)
             Began as a Demonspawn Ice Elementalist on Oct 8, 2022.
             Was an Initiate of Vehumet.
             Got out of the dungeon alive.
             The game lasted 00:14:06 (8286 turns).

Ashen the Chiller (Demonspawn Ice Elementalist)     Turns: 8286, Time: 00:14:06

Health: 52/52      AC:  2    Str:  9    XL:     8   Next: 52%
Magic:  15/15      EV: 16    Int: 19    God:    Vehumet [......]
Gold:   272        SH:  0    Dex: 13    Spells: 10/17 levels left

rFire   . . .      SeeInvis .   g - +0 flail (vorpal)
rCold   + . .      Faith    .   (no shield)
rNeg    . . .      Spirit   .   a - +0 robe
rPois   .          Reflect  .   (no helmet)
rElec   .          Harm     .   (no cloak)
rCorr   .          Rampage  .   (no gloves)
Will    +....                   (no boots)
Stlth   +++.......              (no amulet)
HPRegen 0.17/turn               m - ring of protection from cold
MPRegen 0.14/turn               v - ring of willpower

@: no status effects
A: repulsion field 1, ignite blood 1, powered by death 1
a: Renounce Religion


You escaped.
You worshipped Vehumet.
Vehumet was noncommittal.
You visited 2 branches of the dungeon, and saw 7 of its levels.

You collected 272 gold pieces.

Inventory:

Hand Weapons
 g - a +0 vorpal flail (weapon)
 n - a +0 mace of protection
Missiles
 p - a throwing net
Armour
 a - a +0 robe (worn)
Jewellery
 m - a ring of protection from cold (left hand)
 v - a ring of willpower (right hand)
Scrolls
 c - 4 scrolls of teleportation
 e - a scroll of vulnerability {unknown}
 f - a scroll of poison {unknown}
 l - a scroll of immolation {unknown}
 o - a scroll of noise {unknown}
 r - 2 scrolls of torment {unknown}
 w - 3 scrolls of fog {unknown}
 x - 5 scrolls of identify
Potions
 b - 4 potions of curing
 d - 2 potions of resistance
 h - 2 potions of cancellation
 i - a potion of haste {unknown}
 j - 3 potions of degeneration {unknown}
 k - a potion of magic
 q - a potion of heal wounds {unknown}
 s - a potion of mutation {unknown}
 t - 3 potions of brilliance {unknown}
 u - a potion of berserk rage {unknown}


   Skills:
 + Level 5.1 Dodging
 + Level 5.5 Stealth
 + Level 5.2 Spellcasting
 + Level 6.1 Ice Magic


You had 10 spell levels left.
You knew the following spells:

 Your Spells              Type           Power      Damage    Failure   Level
a - Freeze                Ice            100%       1d11      1%          1
b - Frozen Ramparts       Ice            56%        1d9       3%          3
c - Ozocubu's Armour      Ice            28%        N/A       3%          3

Your spell library contained the following spells:

 Spells                   Type           Power      Damage    Failure   Level
 Sting                    Tmut/Pois      16%        1d3       12%         1
 Poisonous Vapours        Pois/Air       8%         N/A       19%         2
 Hailstorm                Conj/Ice       16%        3d6       34%         4
 Olgreb's Toxic Radiance  Pois           4%         N/A       77%         4


Dungeon Overview and Level Annotations

Branches:
Dungeon (6/15)             Temple (1/1) D:5

Altars:
Ashenzari
Dithmenos
Fedhas
Gozag
Hepliaklqana
Kikubaaqudgha
Makhleb
Nemelex Xobeh
Okawaru
Qazlal
Ru
Sif Muna
Trog
Uskayaw
Vehumet
Wu Jian
Xom
Yredelemnul

Shops:
D:2 (   D:5 (

Annotations:
D:5 exclusion: ogre
D:6 Eustachio


Innate Abilities, Weirdness & Mutations

You are surrounded by a mild repulsion field. (EV +2)
Your demonic aura sometimes causes spilled blood to erupt in flames.
You regenerate a little health from kills.


Message History

Items here: )) [ †.
Items here: )) [ †.
p - a throwing net
Things that are here:
a +0 whip; a +0 robe; a gnoll corpse
Found a scale mail.
Found a war axe.
Found a helmet.
You see here a +0 helmet.
You see here a +0 war axe.
Eustachio the Magnificent comes into view.
He is wielding a +0 rapier.
(D) Dungeon (T) Temple
Where to? (Enter - D:5 @ (x,y), ? - help)
What level of the Dungeon? (default 1, ? - help)
Found a leather armour.
There is a stone staircase leading up here.
You climb upwards.
Level annotation: exclusion: ogre
There is a stone staircase leading down here.
There is a stone staircase leading up here.
You climb upwards.
There is a stone staircase leading down here.
There is a stone staircase leading up here.
You climb upwards.
There is a stone staircase leading down here.
Things that are here:
a stone; a +0 dagger
There is a stone staircase leading up here.
You climb upwards.
There is a stone staircase leading down here.
There is a stone staircase leading up here.
You climb upwards.
There is a stone staircase leading down here.
You enter the shallow water.
Moving in this stuff is going to be slow.
You enter the shallow water.
Moving in this stuff is going to be slow.
There is a staircase leading out of the dungeon here.
Are you sure you want to leave the Dungeon?
This will make you lose the game!
You have escaped!

######## ##################
.##....###.......~~≈~≈≈≈≈≈#
.....#.......~......~~≈≈≈≈#
.#..###.....~~~.~......≈~≈#
.....##....~~.~.≈~......~≈#
.....#....~..≈~~@~~......~#
....#......~~~~~≈~≈~.....~#
..#.##....~..≈≈≈≈.~~.....~#
.##.#.....~≈..≈~~≈......~≈#
....#..#...~~~≈........~~≈#
###....##...........~≈~≈≈≈#
# #...........##..~≈≈≈≈~≈≈#
###.......#################
..####.........# #...#


There were no monsters in sight!

Vanquished Creatures
  Duvessa (D:4)
  A water moccasin (D:5)
  An orc warrior (D:5)
  A centaur (D:5)
  An ogre (D:5)
  2 phantoms (D:4)
  A necrophage (D:5)
  2 scorpions
  Dowan (D:4)
  3 jellies
  An orc priest (D:4)
  3 hounds
  2 iguanas (D:5)
  3 orc wizards
  13 gnolls
  10 adders
  A white imp (D:6)
  3 ufetubi
  A worm (D:2)
  A dart slug (D:3)
  4 orcs
  7 ball pythons
  9 bats
  2 endoplasms
  A giant cockroach (D:1)
  6 goblins
  10 hobgoblins
  7 jackals
  6 kobolds
  7 quokkas
  7 frilled lizards
  5 rats
123 creatures vanquished.

Notes
Turn   | Place    | Note
-------+----------+-------------------------------------------
     0 | D:1      | Ashen the Demonspawn Ice Elementalist began the quest for
                  | the Orb.
     0 | D:1      | Reached XP level 1. HP: 13/13 MP: 3/3
    85 | D:1      | Found a faded altar of an unknown god.
   355 | D:1      | Gained mutation: Your demonic aura sometimes causes spilled
                  | blood to erupt in flames. [demonic ancestry]
   355 | D:1      | Reached XP level 2. HP: 19/19 MP: 3/5
  1206 | D:2      | Found a burning altar of Makhleb.
  1270 | D:2      | Found Wosem's Antique Weapon Emporium.
  1276 | D:2      | Reached XP level 3. HP: 24/24 MP: 4/6
  1775 | D:2      | Reached skill level 4 in Ice Magic
  1946 | D:2      | Reached XP level 4. HP: 8/30 MP: 4/8
  2655 | D:3      | Learned a level 3 spell: Frozen Ramparts
  2659 | D:3      | Learned a level 3 spell: Ozocubu's Armour
  2831 | D:3      | Found an iron altar of Okawaru.
  3386 | D:4      | Reached XP level 5. HP: 19/35 MP: 5/9
  3647 | D:4      | Noticed a phantom
  3916 | D:4      | Found a shimmering altar of Xom.
  4385 | D:4      | Gained mutation: You are surrounded by a mild repulsion
                  | field. (EV +2) [demonic ancestry]
  4385 | D:4      | Reached XP level 6. HP: 40/41 MP: 4/11
  4947 | D:4      | Noticed Dowan
  5152 | D:4      | Noticed Duvessa
  5166 | D:4      | Killed Duvessa
  5167 | D:4      | Reached skill level 5 in Ice Magic
  5167 | D:4      | Reached XP level 7. HP: 20/46 MP: 1/12
  5899 | D:4      | Killed Dowan
  5970 | D:5      | Entered Level 5 of the Dungeon
  6046 | D:5      | Found Kollaov's Weapon Emporium.
  6074 | D:5      | Found an opulent altar of Gozag.
  6668 | D:5      | Gained mutation: You regenerate a little health from kills.
                  | [demonic ancestry]
  6668 | D:5      | Reached XP level 8. HP: 52/52 MP: 6/14
  6755 | D:5      | Reached skill level 5 in Stealth
  6909 | D:5      | Reached skill level 5 in Spellcasting
  6961 | D:5      | Reached skill level 5 in Dodging
  6961 | D:5      | Reached skill level 6 in Ice Magic
  6977 | D:5      | Found a staircase to the Ecumenical Temple.
  7248 | Temple   | Entered the Ecumenical Temple
  7350 | Temple   | Became a worshipper of Vehumet
  7720 | D:5      | Found a sparkling altar of Nemelex Xobeh.
  8160 | D:6      | Noticed Eustachio
  8286 | D:$      | Got out of the dungeon alive.

Illustrated notes

Levels and vault maps discovered:
D:1:      dpeg_arrival_more_subterranean_lakeside_camping, layout_loops_corners,
          ebering_ecumenical_altar_abandoned
D:2:      layout_loops_cross, serial_shops, shop, basic_altar,
          kennysheep_crisscross
D:3:      layout_rooms, mainiacjoe_overflow_catwalk, kennysheep_nondescript
D:4:      layout_basic, old_standard_altar, uniq_duvessa
D:5:      layout_cave_pods, lemuel_coloured_pillars_altar,
          nicolae_gozag_cash_rules_everything_around_me,
          nemelex_diamond_rough_becter, minmay_temple_entry_overgrown,
          serial_shops, nicolae_lakefront_shop, kennysheep_generic_room_4
D:6:      layout_loops_cross, uniq_eustachio
Temple:   kb_temple_of_zot

Skill      XL: |  1  2  3  4  5  6  7  8 |
---------------+-------------------------+-----
Dodging        | 2 3 4 5 |  5.1
Stealth        | 2 3 4 5 |  5.5
Ice Magic      | 4 5 6 |  6.1
Spellcasting   | 3 4 5 |  5.2

Action                   |  1- 3 |  4- 6 |  7- 9 || total
-------------------------+-------+-------+-------++-------
Melee: Unarmed           |    18 |       |       ||    18
       Short sword       |    39 |    26 |       ||    65
       Punch             |     1 |     3 |       ||     4
       Mace              |       |    25 |       ||    25
       Flail             |       |    29 |   101 ||   130
 Cast: Freeze            |    47 |    39 |     9 ||    95
       Frozen Ramparts   |       |    11 |    16 ||    27
       Ozocubu's Armour  |       |     7 |    14 ||    21
Evoke: Wand              |       |       |    12 ||    12
  Use: Potion            |     1 |     1 |       ||     2
       Scroll            |       |       |     4 ||     4
 Stab: Sleeping          |     7 |     6 |     1 ||    14
       Distracted        |       |     1 |       ||     1
Armor: Robe              |    28 |    38 |    44 ||   110
Dodge: Dodged            |    90 |   104 |   185 ||   379
